Map: 亚历山大港 - 天梯版

Players

Probe

  • Race: Protoss Protoss
  • League: Platinum

PtitDrogo - Winner!

  • Race: Protoss Protoss
  • League: Platinum

Event: WESG 2018 Grand Finals

VOD

Have the link to the VOD?

Description

Time

  • Played on: March 12, 2019, 12:05 a.m.
  • Length: 8:52

All games in this series

Show
View Real Time Build Order
Export as new Build Order

Probe Protoss 

Build Orders: Oracle Opening, Zealot Archon 

Get SALT Encoding   

  12  0:00  Probe  
  13  0:13  Probe  
  14  0:18  Pylon  
  14  0:24  Probe  
  15  0:32  Probe  
  15  0:38  Gateway  
  15  0:40  Probe  
  16  0:47  Assimilator  
  17  0:50  Probe  
  17  0:56  Assimilator  
  18  0:58  Probe  
  19  1:06  Probe  
  20  1:13  Gateway  
  20  1:17  Probe  
  21  1:27  Cybernetics Core  
  21  1:29  Probe  
  22  1:37  Pylon  
  22  1:41  Probe  
  23  1:55  Probe  
  24  2:04  Stalker, Sentry, Warp Gate  
  24  2:08  Probe  
  29  2:11  Pylon  
  29  2:20  Probe  
  30  2:24  Pylon  
  30  2:31  Stargate  
  30  2:35  Probe  
  31  2:49  Probe  
  32  3:02  Nexus  
  32  3:03  Probe  
  32  3:04  Oracle  
  33  3:15  Probe  
  33  3:18  Pylon  
  36  3:25  Probe  
  36  3:33  Probe  
  37  3:41  Probe, Oracle  
  41  3:45  Robotics Facility  
  42  3:53  Probe  
  43  3:56  Adept  
  43  3:58  Adept  
  47  4:10  Probe  
  47  4:14  Probe  
  49  4:17  Forge  
  49  4:18  Probe  
  49  4:19  Sentry  
  52  4:24  Shield Battery  
  52  4:26  Probe  
  52  4:29  Stalker  
  53  4:33  Protoss Ground Weapons Level 1  
  53  4:34  Probe  
  53  4:38  Probe  
  52  4:46  Probe  
  52  4:50  Probe  
  54  4:55  Probe  
  54  4:58  Observer  
  52  5:00  Assimilator  
  52  5:01  Assimilator  
  52  5:02  Probe  
  52  5:03  Probe  
  53  5:07  Pylon  
  53  5:13  Probe  
  54  5:14  Probe  
  54  5:16  Twilight Council  
  56  5:25  Probe  
  56  5:26  Probe  
  58  5:29  Gateway  
  58  5:30  Gateway, Immortal  
  62  5:37  Probe  
  63  5:43  Pylon  
  63  5:44  Gateway  
  63  5:47  Gateway  
  63  5:55  Protoss Ground Weapons Level 2, Templar Archives  
  63  6:01  Gateway x2  
  63  6:08  Charge  
  63  6:10  Zealot x2  
  67  6:26  Immortal  
  67  6:27  Zealot x2  
  75  6:33  Pylon  
  75  6:35  Pylon  
  75  6:36  Sentry  
  77  6:48  Pylon x2  
  77  6:59  High Templar x2, Zealot x2  
  77  7:00  Zealot  
  87  7:06  Pylon  
  87  7:07  Archon  
  87  7:08  Pylon  
  87  7:12  Warp Prism  
  89  7:23  Nexus  
  89  7:25  High Templar  
  89  7:26  High Templar  
  93  7:32  Archon  
  93  7:35  Zealot  
  93  7:36  Zealot x2  
  99  7:47  Zealot x3  
  105  7:56  Zealot x3  
  111  8:04  Zealot  
  111  8:05  Zealot  
  114  8:15  Zealot x3  
  96  8:24  Zealot x3  
  96  8:25  Zealot x2  
  96  8:36  Zealot x3  
Show
View Real Time Build Order
Export as new Build Order

PtitDrogo Protoss - Winner!

Build Orders: Zealot Archon 

Get SALT Encoding   

  12  0:00  Probe  
  13  0:12  Probe  
  14  0:18  Pylon  
  14  0:24  Probe  
  15  0:32  Probe  
  15  0:40  Probe, Gateway  
  16  0:47  Assimilator  
  17  0:50  Probe  
  17  0:56  Assimilator  
  18  0:58  Probe  
  19  1:06  Probe  
  20  1:15  Gateway  
  20  1:17  Probe  
  21  1:27  Cybernetics Core  
  21  1:30  Probe  
  22  1:35  Pylon  
  22  1:42  Probe  
  23  1:54  Probe  
  23  1:55  Warp Gate  
  24  2:03  Stalker, Sentry  
  24  2:07  Probe  
  29  2:12  Pylon  
  29  2:30  Sentry  
  29  2:34  Probe  
  32  2:46  Nexus, Probe  
  33  2:54  Probe  
  33  2:58  Stalker  
  33  3:03  Probe  
  36  3:15  Pylon  
  36  3:17  Probe  
  36  3:19  Forge  
  37  3:23  Shield Battery  
  37  3:30  Probe  
  38  3:41  Shield Battery  
  38  3:42  Probe  
  38  3:43  Protoss Ground Weapons Level 1, Adept  
  38  3:45  Adept  
  43  3:54  Probe  
  44  3:58  Probe  
  45  4:06  Probe x2  
  45  4:12  Stalker  
  45  4:16  Probe  
  48  4:17  Stalker  
  48  4:18  Probe  
  52  4:28  Probe  
  52  4:30  Probe  
  52  4:40  Probe  
  52  4:41  Stalker  
  52  4:42  Stalker  
  52  4:44  Probe  
  56  4:50  Probe  
  54  4:56  Probe  
  54  4:59  Twilight Council, Probe  
  55  5:07  Pylon, Probe  
  55  5:08  Probe  
  55  5:11  Assimilator  
  55  5:12  Stalker  
  55  5:13  Assimilator  
  59  5:16  Pylon  
  59  5:18  Probe  
  59  5:20  Protoss Ground Weapons Level 2, Probe  
  61  5:30  Probe  
  61  5:31  Pylon, Robotics Facility  
  61  5:32  Probe  
  63  5:36  Charge  
  63  5:38  Templar Archives  
  63  5:54  Gateway x2  
  63  5:57  Gateway  
  63  6:08  Gateway  
  63  6:10  Gateway  
  63  6:14  Gateway  
  63  6:15  Warp Prism  
  65  6:36  High Templar x2  
  65  6:39  Nexus, Pylon  
  69  6:40  Pylon  
  69  6:42  Archon  
  69  6:44  Pylon  
  67  7:00  High Templar x2  
  71  7:04  Archon  
  71  7:05  Zealot x3  
  75  7:24  High Templar x2  
  75  7:25  Zealot  
  75  7:26  Probe x2  
  75  7:29  Archon  
  83  7:32  Zealot x5  
  83  7:37  Pylon  
  93  7:52  High Templar x2  
  93  7:53  Zealot x4  
  93  7:57  Zealot x2, Archon  
  107  8:16  Zealot x4  
  113  8:22  Zealot x2  
  113  8:25  High Templar x2  
  117  8:29  Archon  
  117  8:40  Zealot x4  
Tags
 
Add a new tag
Caveats
  • Supply blocks, unpowered buildings, or Contaminate may cause inaccurate times.
  • Supply counts are checked every 10 seconds.